Map: Jagannatha LE

Players

piglet

  • Race: Terran Terran
  • League: Master
  • Spawn Location: 7:00

MissFanta (ThuocLao) - Winner!

  • Race: Protoss Protoss
  • League: Grandmaster
  • Spawn Location: 1:00

Event: DreamHack SC2 Masters 2020 Winter

VOD

Have the link to the VOD?

Description

Time

  • Played on: Oct. 16, 2020, 1:44 a.m.
  • Length: 11:07

All games in this series

Show
View Real Time Build Order
Export as new Build Order

piglet Terran 

Build Orders: Gas First Reaper Expand 

Get SALT Encoding   

  12  0:00  SCV  
  13  0:12  SCV  
  14  0:17  Supply Depot  
  14  0:24  SCV  
  14  0:27  Refinery  
  15  0:38  SCV  
  16  0:44  Barracks  
  16  0:50  SCV  
  17  1:03  SCV  
  18  1:15  SCV  
  19  1:33  Reaper, Orbital Command  
  20  1:46  Command Center  
  20  1:55  Factory  
  20  1:59  SCV  
  21  2:05  Barracks Reactor  
  21  2:08  Refinery  
  21  2:11  SCV  
  22  2:18  Supply Depot  
  22  2:23  SCV  
  23  2:40  SCV, Widow Mine  
  23  2:41  Marine  
  23  2:42  Marine  
  23  2:43  Starport  
  28  2:52  SCV  
  29  3:01  Marine  
  29  3:02  Marine, Factory Tech Lab  
  29  3:05  SCV  
  32  3:10  Orbital Command  
  32  3:17  SCV  
  33  3:21  Cyclone  
  33  3:24  Viking  
  38  3:30  Marine x2  
  38  3:32  SCV  
  41  3:35  SCV  
  41  3:44  SCV  
  42  3:50  Bunker  
  42  3:51  SCV  
  42  3:53  Marine x2  
  45  3:57  SCV  
  46  4:09  Starport Tech Lab  
  46  4:10  Barracks x2  
  46  4:12  Supply Depot  
  46  4:13  SCV, Siege Tank  
  50  4:19  Marine x2  
  52  4:25  SCV x2  
  52  4:30  Supply Depot  
  54  4:33  Refinery  
  54  4:34  Raven  
  54  4:37  SCV  
  57  4:43  SCV  
  58  4:49  SCV  
  58  4:51  Refinery  
  59  4:53  Marine x2  
  59  4:54  Factory Tech Lab  
  59  4:56  SCV  
  62  5:02  Engineering Bay  
  62  5:03  SCV  
  62  5:04  Supply Depot  
  62  5:06  Stimpack  
  63  5:08  SCV  
  63  5:11  Marine  
  65  5:15  SCV  
  65  5:17  Siege Tank  
  65  5:20  SCV  
  70  5:25  Combat Shield  
  70  5:27  SCV  
  71  5:30  Terran Infantry Weapons Level 1  
  71  5:32  SCV  
  71  5:35  Supply Depot  
  72  5:39  Marauder  
  72  5:40  SCV, Marauder  
  72  5:41  Starport Reactor  
  77  5:44  SCV  
  78  5:52  Supply Depot  
  78  5:53  Supply Depot  
  78  5:57  Marine x2, Siege Tank  
  81  6:01  Marauder  
  85  6:10  Supply Depot  
  85  6:14  Marauder, Marine x2  
  89  6:18  Medivac x2  
  89  6:22  Marauder  
  95  6:32  Marine x2, Siege Tank  
  100  6:38  Supply Depot  
  100  6:43  SCV x2  
  100  6:44  Concussive Shells  
  100  6:45  Supply Depot  
  100  6:46  Marauder  
  100  6:47  Marauder  
  106  6:50  Marine  
  106  6:51  Command Center  
  107  6:57  Medivac  
  107  6:59  Marine  
  107  7:00  Medivac  
  112  7:09  Marauder x2  
  116  7:16  Marine, Siege Tank  
  116  7:17  Supply Depot  
  120  7:25  Supply Depot, Marine, Terran Infantry Armor Level 1  
  119  7:42  Marine x2  
  119  7:43  Marauder  
  119  7:44  Medivac x2  
  123  7:51  Marine  
  122  7:59  SCV x2  
  122  8:01  Marauder  
  122  8:04  Orbital Command  
  122  8:05  Barracks  
  126  8:06  Supply Depot, Barracks  
  126  8:11  SCV x2  
  102  8:20  Marauder, Marine  
  102  8:21  Medivac x2, Siege Tank  
  102  8:23  SCV x2  
  113  8:31  Marine  
  113  8:32  Marauder  
  116  8:34  SCV  
  116  8:35  SCV x2  
  119  8:42  Marauder  
  119  8:43  Engineering Bay  
  119  8:44  Armory  
  119  8:46  SCV  
  119  8:47  SCV x2  
  124  8:54  Barracks Reactor, Barracks Tech Lab  
  124  8:55  Supply Depot, Siege Tank  
  127  8:58  SCV, Marauder, Marine  
  127  8:59  SCV  
  131  9:05  Viking x2  
  131  9:09  Marauder, Marine  
  138  9:17  SCV x3  
  138  9:19  Refinery  
  138  9:20  Supply Depot  
  138  9:21  Marine  
  138  9:22  Marauder x2  
  146  9:29  SCV  
  147  9:32  SCV  
  147  9:36  SCV  
  149  9:43  Marauder, Marine  
  132  9:53  Marine  
  132  9:54  Medivac, Marauder x2, Siege Tank  
  139  10:00  Refinery  
  139  10:01  Command Center  
  139  10:03  Marine  
  139  10:05  Marauder  
  142  10:09  Missile Turret, Sensor Tower  
  142  10:11  Marine  
  145  10:15  Marauder  
  145  10:17  Liberator  
  145  10:18  Marauder, Marine  
  151  10:25  Marine  
  151  10:26  Marauder  
  151  10:27  Supply Depot  
  151  10:28  Viking  
  156  10:35  Marine  
  145  10:37  Marauder  
  145  10:38  Marine  
  145  10:39  Marauder  
  145  10:40  SCV  
  145  10:42  Marine  
Show
View Real Time Build Order
Export as new Build Order

MissFanta Protoss - Winner!

Build Orders: 1 Gate Expand, Colossus Rush 

Get SALT Encoding   

  12  0:01  Probe  
  13  0:13  Probe  
  14  0:18  Pylon  
  14  0:25  Probe  
  15  0:37  Probe (Chrono Boost)  
  15  0:39  Gateway  
  16  0:43  Assimilator  
  16  0:48  Probe (Chrono Boost)  
  17  0:53  Probe (Chrono Boost)  
  18  1:03  Probe  
  19  1:15  Probe  
  20  1:26  Cybernetics Core  
  20  1:27  Probe  
  22  1:40  Probe, Nexus  
  22  1:51  Pylon  
  22  1:53  Probe  
  23  2:00  Assimilator  
  23  2:03  Warp Gate  
  23  2:06  Adept (Chrono Boost)  
  23  2:09  Probe  
  26  2:21  Probe  
  27  2:29  Sentry  
  29  2:33  Probe  
  30  2:44  Robotics Facility  
  30  2:47  Probe (Chrono Boost)  
  31  2:53  Probe (Chrono Boost)  
  31  2:57  Stalker  
  35  3:03  Probe x2 (Chrono Boost)  
  36  3:07  Probe (Chrono Boost)  
  36  3:09  Probe  
  36  3:10  Gateway  
  38  3:16  Gateway  
  38  3:19  Probe  
  39  3:21  Probe  
  40  3:31  Probe, Observer  
  40  3:34  Probe, Assimilator  
  43  3:43  Probe  
  43  3:46  Probe, Robotics Bay  
  45  3:50  Pylon  
  45  3:55  Probe  
  46  4:08  Probe x2, Observer  
  46  4:09  Assimilator  
  49  4:10  Zealot x2  
  53  4:17  Twilight Council  
  53  4:20  Probe  
  53  4:22  Nexus  
  54  4:25  Pylon  
  54  4:29  Pylon  
  54  4:33  Pylon  
  54  4:37  Charge (Chrono Boost)  
  54  4:40  Colossus (Chrono Boost)  
  54  4:43  Probe  
  61  4:46  Probe  
  61  4:50  Gateway  
  61  4:52  Gateway  
  62  4:56  Probe  
  63  5:01  Gateway  
  63  5:05  Sentry  
  63  5:07  Zealot  
  67  5:12  Probe x2  
  69  5:15  Shield Battery  
  69  5:22  Extended Thermal Lance  
  69  5:24  Probe x2  
  71  5:30  Colossus (Chrono Boost)  
  77  5:36  Probe, Pylon  
  77  5:37  Probe  
  79  5:49  Stalker x2  
  83  5:56  Pylon  
  83  5:57  Pylon, Forge  
  83  5:59  Stalker  
  83  6:02  Blink (Chrono Boost)  
  85  6:04  Probe  
  85  6:09  Probe  
  85  6:10  Zealot x2  
  91  6:13  Observer (Chrono Boost)  
  91  6:18  Probe x2  
  94  6:22  Stalker  
  94  6:23  Pylon x2  
  96  6:27  Protoss Ground Weapons Level 1  
  96  6:31  Probe  
  97  6:42  Stalker x3  
  97  6:43  Forge  
  97  6:44  Zealot x2  
  97  6:46  Probe  
  108  6:49  Probe  
  108  6:52  Pylon  
  108  6:53  Pylon  
  109  6:55  Probe, Disruptor (Chrono Boost)  
  113  7:01  Gateway  
  113  7:04  Gateway  
  113  7:13  Zealot  
  113  7:14  Zealot x3  
  119  7:19  Zealot x2  
  122  7:38  Stalker x2  
  122  7:39  Stalker x4  
  124  7:57  Colossus (Chrono Boost)  
  124  7:58  Zealot  
  120  8:01  Zealot x3  
  120  8:02  Zealot x2  
  110  8:22  Stalker x3  
  110  8:23  Stalker x4  
  110  8:26  Protoss Ground Armor Level 1 (Chrono Boost)  
  124  8:36  Probe  
  124  8:37  Observer  
  124  8:39  Protoss Ground Weapons Level 2 (Chrono Boost), Assimilator  
  125  8:41  Probe, Assimilator  
  125  8:42  Pylon  
  125  8:44  Pylon  
  125  8:46  Pylon  
  126  8:48  Zealot  
  126  8:49  Zealot x2  
  126  8:50  Pylon  
  126  8:51  Observer  
  132  9:03  Nexus  
  132  9:06  Pylon  
  132  9:14  Probe  
  133  9:20  Probe x2, Disruptor  
  133  9:23  Robotics Facility  
  138  9:25  Zealot x2  
  138  9:26  Zealot x3  
  138  9:27  Zealot  
  150  9:41  Stalker x2, Pylon  
  144  9:52  Zealot x4  
  144  9:53  Zealot  
  150  10:03  Photon Cannon  
  150  10:06  Probe  
  151  10:11  Zealot x3  
  157  10:19  Templar Archives  
  157  10:20  Stalker x2  
  157  10:21  Stalker, Zealot  
  141  10:45  Zealot x7  
Tags
 
Add a new tag
Caveats
  • Supply blocks, unpowered buildings, or Contaminate may cause inaccurate times.
  • Supply counts are checked every 10 seconds.